 Dungeon Crawl Stone Soup version 0.15.1-1-gfacfea3 (webtiles) character file.

8604 Johnny the Chiller (level 10, 0/76 (84) HPs)
             Began as a Demigod Ice Elementalist on Sept 25, 2014.
             Killed from afar by an electric eel (13 damage)
             ... with a bolt of electricity
             ... on Level 1 of the Lair of Beasts on Sept 26, 2014.
             The game lasted 00:54:45 (17884 turns).

Johnny the Chiller (Demigod Ice Elementalist)      Turns: 17884, Time: 00:54:46

HP   0/76 (84)   AC 15     Str 16      XL: 10   Next: 88%
MP  20/27        EV 15     Int 24      God:
Gold 711         SH  0     Dex 22      Spells:  4 memorised,  7 levels left

rFire  . . .     SeeInvis .     O - +2 flail (protect)
rCold  + . .     Clarity  .     r - +2 leather armour {rC+}
rNeg   . . .     rCorr    .     (no shield)
rPois  .         rRot     .     Y - +2 hat
rElec  .         Spirit   .     n - +0 cloak
SustAb .         Warding  .     (no gloves)
rMut   .         Stasis   .     o - +0 pair of boots
Gourm  +                        q - amulet of the gourmand
MR     +....                    R - +5 ring of dexterity
                                M - +3 ring of strength

@: somewhat resistant to hostile enchantments, fairly stealthy
A: no striking features
a: no special abilities


You were on level 1 of the Lair of Beasts.
You were very hungry.

You visited 2 branches of the dungeon, and saw 12 of its levels.
You also visited: Ossuary.

You collected 865 gold pieces.
You spent 154 gold pieces at shops.

Inventory:

Hand weapons
 D - a cursed +2 hand axe of flaming
 O - a +2 flail of protection (weapon)
Armour
 d - a +0 helmet
 f - the +2 buckler of Patterns {Slay+2}
   (You found it on level 9 of the Dungeon)

   It affects your accuracy and damage with ranged weapons and melee attacks
   (+2).
 n - a +0 cloak (worn)
 o - a +0 pair of boots (worn)
 r - a +2 leather armour of cold resistance (worn)
 W - a +0 ring mail of positive energy
 Y - a +2 hat (worn)
Magical devices
 e - a wand of cold (1)
 y - a wand of slowing (14)
 C - a wand of fireball (4) {unknown}
 T - a wand of fire (7)
 X - a wand of digging (6)
Comestibles
 c - 10 bread rations
 w - 6 meat rations
 z - 10 fruits
 K - 9 beef jerkies
 S - a slice of pizza
Scrolls
 a - a scroll of magic mapping
 h - 4 scrolls of teleportation
 i - 13 scrolls of remove curse
 j - a scroll of vulnerability
 x - a scroll of random uselessness
 A - a scroll of amnesia
 E - 2 scrolls of enchant weapon
 G - 4 scrolls of fog
 J - a scroll of holy word
 P - a scroll of blinking
 Z - a scroll of identify
Jewellery
 q - an amulet of the gourmand (around neck)
 s - a cursed amulet of warding
 M - a +3 ring of strength (left hand)
 R - a +5 ring of dexterity (right hand)
Potions
 g - 3 potions of cancellation
 k - a potion of flight
 m - 5 potions of restore abilities
 p - a potion of brilliance {unknown}
 t - a potion of cure mutation {unknown}
 u - a potion of invisibility {unknown}
 v - a potion of agility {unknown}
 B - 4 potions of curing
 F - 3 potions of might
 H - 4 potions of berserk rage
 I - 3 potions of resistance
 L - 2 potions of haste {unknown}
 N - 2 potions of degeneration {unknown}
 Q - a potion of beneficial mutation {unknown}
 V - a potion of confusion {unknown}
Books
 b - a book of Frost

   Spells                             Type                      Level
   *Freeze                            Ice                          1
   Throw Frost                        Conjuration/Ice              2
   *Ozocubu's Armour                  Charms/Ice                   3
   Throw Icicle                       Conjuration/Ice              4
   *Summon Ice Beast                  Ice/Summoning                4
   Condensation Shield                Ice                          4
 l - a book of the Earth

   Spells                             Type                      Level
   Leda's Liquefaction                Hexes/Earth                  4
   Bolt of Magma                      Conjuration/Fire/Earth       5
   Statue Form                        Transmutation/Earth          6
   *Iron Shot                         Conjuration/Earth            6
   Shatter                            Earth                        9
 U - a Grand Grimoire {highlevel, unknown}

   This book is beyond your current level of understanding.

   Spells                             Type                      Level
   Aura of Abjuration                 Summoning                    6
   Forceful Dismissal                 Summoning                    6
   Summon Greater Demon               Summoning                    7
   Malign Gateway                     Summoning/Translocation      7
   Summon Horrible Things             Summoning                    8


   Skills:
 * Level 6.6 Fighting
 + Level 4.5 Armour
 + Level 4.4 Dodging
 + Level 3.7 Stealth
 * Level 6.1 Spellcasting
 + Level 2.4 Conjurations
 + Level 2.6 Charms
 * Level 5.6 Summonings
 * Level 7.1 Ice Magic
 * Level 3.5 Earth Magic
 + Level 2.8 Evocations


You had 7 spell levels left.
You knew the following spells:

 Your Spells              Type           Power        Failure   Level  Hunger
a - Freeze                Ice            ####         1%          1    None
c - Summon Ice Beast      Ice/Summ       #####...     8%          4    ###....
d - Iron Shot             Conj/Erth      ###.......   100%        6    ######.
e - Ozocubu's Armour      Chrm/Ice       ####....     3%          3    #......


Dungeon Overview and Level Annotations

Branches:
Dungeon (11/15)            Temple (0/1) D:5             Orc (0/4) D:10
   Lair (1/8) D:11

Shops:
D:4 *   D:7 }   D:8 *


Message History

The electric eel shoots out a bolt of electricity!
The bolt of electricity hits the plant.
The bolt of electricity hits you!
* * * LOW HITPOINT WARNING * * *
The hound misses you.
Unknown command.
The electric eel shoots out a bolt of electricity!
The bolt of electricity hits the plant.
The bolt of electricity hits you!
* * * LOW HITPOINT WARNING * * *
The hound barely misses you.
Your ice beast closely misses the electric eel.
Unknown command.
The hound barely misses you. The hound misses you.
Unknown command.
You barely miss the electric eel.
The electric eel is moderately wounded.
The hound bites you.
* * * LOW HITPOINT WARNING * * *
The electric eel shoots out a bolt of electricity!
The bolt of electricity hits you!
You die...

≈≈≈PP≈P≈≈...## ..;≈≈≈≈≈≈≈
≈≈≈≈P≈≈....# .≈≈≈≈≈≈≈.
≈≈≈≈≈≈≈...# . ≈≈≈≈..
≈≈≈≈≈≈≈...# ..≈ ≈≈≈.>.
≈≈≈≈P≈P≈≈..# #..≈≈≈≈≈...
≈≈≈≈P≈P≈...###..≈≈≈≈≈≈≈.
≈≈≈≈≈≈YYY..$.#...≈≈≈≈...
♣≈≈≈≈≈≈;P%.........≈.≈...
♣♣♣...h@................
#................# P##
#................#
#................#
#.#.######..%....# #.##
#.......# # #.......# #
##.......#####
#.............


You could see a hound, an electric eel and 3 friendly ice beasts.

Vanquished Creatures
  Erolcha (D:10)
  Pikel (D:5)
  2 water moccasins
  A sky beast (D:3)
  An ice beast (D:6)
  A necrophage (D:5)
  A slave (D:5)
  2 ogres
  A phantom (D:4)
  2 centaurs
  Sigmund (D:3)
  4 giant frogs
  2 scorpions
  A killer bee (D:11)
  3 wights
  2 jellies
  2 crimson imps
  7 hounds
  An orc priest (D:11)
  A worker ant (D:5)
  2 orc wizards (D:11)
  2 iguanas
  A big kobold zombie (Ossuary)
  A mummy (Ossuary)
  13 adders
  9 gnolls
  3 orc zombies
  3 shadow imps
  A giant mite (D:10)
  3 worms
  An iguana skeleton (D:5)
  7 giant geckos
  2 oozes
  10 orcs
  2 ball pythons
  15 bats
  A bat zombie (D:7)
  4 giant cockroaches
  A gnoll skeleton (D:4)
  14 hobgoblins
  13 jackals
  19 kobolds
  3 quokkas
  5 giant newts
  6 goblins
  A hobgoblin skeleton (D:4)
  16 rats
  A ballistomycete (D:11)
  A plant (D:11)
197 creatures vanquished.

Vanquished Creatures (collateral kills)
  A hydra (Lair:1)
  Urug (D:11)
  A hill giant (D:10)
  A manticore (D:11)
  An ugly thing (D:11)
  A cyclops (D:11)
  A centaur zombie (D:9)
  Maurice (D:8)
  Psyche (D:9)
  2 spiny frogs (Lair:1)
  3 trolls
  2 two-headed ogres (D:10)
  A basilisk (Lair:1)
  A deep elf mage (D:9)
  A wraith (D:11)
  A hungry ghost (D:8)
  Eustachio (D:8)
  A hippogriff (Lair:1)
  2 vampire mosquitoes (D:10)
  Edmund (D:8)
  A water moccasin (D:11)
  An ice beast (D:7)
  A porcupine (Lair:1)
  2 orc warriors (D:11)
  3 ogres
  A phantom (D:8)
  A centaur (D:11)
  4 crocodiles
  A big kobold (D:7)
  5 giant frogs
  Blork the orc (D:7)
  2 gnoll sergeants
  3 scorpions
  17 killer bees
  3 wights (D:10)
  3 electric eels (Lair:1)
  3 goliath beetles
  2 crimson imps
  7 orc wizards
  A gnoll shaman (D:10)
  3 hounds
  An iguana (Lair:1)
  4 orc priests
  A centaur skeleton (D:8)
  A giant frog zombie (D:11)
  A worker ant (D:11)
  A big kobold zombie (Ossuary)
  An ogre zombie (D:11)
  8 mummies
  An ogre skeleton (D:5)
  A hound skeleton (D:11)
  13 gnolls
  A shadow imp (D:11)
  A giant gecko (D:9)
  An ooze (D:7)
  17 orcs
  A bat (D:8)
  A giant cockroach (D:7)
  3 gnoll zombies (Ossuary)
  3 hobgoblins
  A jackal (D:11)
  5 kobolds
  A quokka (D:11)
  A giant spore (D:11)
  A hobgoblin zombie (Ossuary)
  2 orc zombies
  A rat (D:6)
163 creatures vanquished.

Vanquished Creatures (others)
  30 ice beasts
  A centaur (D:5)
  A kobold (D:5)
32 creatures vanquished.

Grand Total: 392 creatures vanquished

Notes
Turn   | Place    | Note
--------------------------------------------------------------
     0 | D:1      | Johnny, the Demigod Ice Elementalist, began the quest for the Orb.
     0 | D:1      | Reached XP level 1. HP: 14/14 MP: 3/3
   687 | D:1      | Reached XP level 2. HP: 22/22 MP: 1/5
   853 | D:1      | Reached skill level 1 in Fighting
  1084 | D:1      | Reached skill level 3 in Ice Magic
  1848 | D:2      | Reached XP level 3. HP: 18/28 MP: 3/8
  2016 | D:2      | Found an iron altar of Okawaru.
  2130 | D:1      | Reached skill level 1 in Armour
  2414 | D:2      | Reached XP level 4. HP: 30/35 MP: 5/11
  3111 | D:3      | Noticed Sigmund
  3124 | D:4      | Noticed a phantom
  3141 | D:4      | Killed a phantom
  3141 | D:4      | Reached XP level 5. HP: 37/41 MP: 7/14
  3155 | D:3      | Killed Sigmund
  3161 | D:3      | Noticed a sky beast
  3174 | D:3      | HP: 1/42 [something (5)]
  3175 | D:3      | Killed a sky beast
  3175 | D:3      | Reached skill level 4 in Ice Magic
  3175 | D:3      | Reached XP level 6. HP: 1/50 MP: 13/17
  3593 | D:2      | Learned a level 4 spell: Summon Ice Beast
  4787 | D:3      | Reached skill level 1 in Summonings
  4810 | D:3      | Found a glowing silver altar of Zin.
  5121 | D:4      | Learned a level 3 spell: Ozocubu's Armour
  5695 | D:4      | Found Osacastaape's General Store.
  5704 | D:4      | Bought a scroll of teleportation for 36 gold pieces
  5704 | D:4      | Bought a scroll of holy word for 90 gold pieces
  6424 | D:1      | Reached XP level 7. HP: 50/57 MP: 19/19
  6822 | D:5      | Entered Level 5 of the Dungeon
  7469 | D:5      | Found a staircase to the Ecumenical Temple.
  8309 | D:5      | Noticed Pikel
  8336 | D:5      | Killed Pikel
  8336 | D:5      | Reached skill level 5 in Ice Magic
  8336 | D:5      | Reached XP level 8. HP: 7/59 MP: 14/21
  8984 | D:6      | Found a shimmering altar of Xom.
  8985 | D:6      | Found a blossoming altar of Fedhas.
  9212 | D:6      | Found a bloodstained altar of Trog.
  9249 | D:6      | Found a sand-covered staircase.
  9255 | Ossuary  | Entered an ossuary
  9986 | D:7      | Noticed Blork the orc
  9995 | D:7      | Killed Blork the orc
 10165 | D:7      | Reached skill level 5 in Fighting
 10441 | D:7      | Learned a level 6 spell: Iron Shot
 10536 | D:7      | Reached skill level 1 in Conjurations
 10664 | D:7      | Found Xeesacekk's Gadget Emporium.
 10746 | D:7      | Reached XP level 9. HP: 35/66 MP: 12/23
 11339 | D:8      | Reached skill level 1 in Earth Magic
 11462 | D:8      | Reached skill level 5 in Spellcasting
 11614 | D:8      | Reached skill level 1 in Evocations
 11751 | D:8      | Noticed Edmund
 11760 | D:8      | Killed Edmund
 11770 | D:8      | Noticed Eustachio
 11776 | D:8      | Killed Eustachio
 11776 | D:8      | Reached skill level 6 in Ice Magic
 11867 | D:8      | Found Prun's General Store.
 11876 | D:8      | Bought a scroll of identify for 28 gold pieces
 11893 | D:8      | Noticed Maurice
 11907 | D:8      | Killed Maurice
 11907 | D:8      | Reached skill level 1 in Charms
 12122 | D:9      | Noticed Psyche
 12137 | D:9      | Killed Psyche
 12644 | D:9      | Got a slimy buckler
 12650 | D:9      | Identified the +2 buckler of Patterns {Slay+2} (You found it on level 9 of the Dungeon)
 12767 | D:9      | HP: 1/67 [deep elf mage/stone arrow (25)]
 13208 | D:10     | Entered Level 10 of the Dungeon
 13367 | D:10     | Noticed Erolcha
 13389 | D:10     | Killed Erolcha
 13601 | D:10     | Reached XP level 10. HP: 75/75 MP: 25/25
 13893 | D:10     | Reached skill level 5 in Summonings
 14035 | D:10     | Found a staircase to the Orcish Mines.
 14228 | D:10     | Noticed a hill giant
 14235 | D:10     | Killed a hill giant
 14786 | D:11     | Noticed a cyan ugly thing
 14794 | D:11     | Killed a cyan ugly thing
 14932 | D:11     | Found a staircase to the Lair.
 14966 | D:11     | Noticed Urug
 14984 | D:11     | Killed Urug
 15357 | D:11     | Reached skill level 7 in Ice Magic
 15813 | D:11     | Noticed a cyclops
 15837 | D:11     | Killed a cyclops
 16176 | D:11     | Noticed a manticore
 16182 | D:11     | Killed a manticore
 16735 | Lair:1   | Entered Level 1 of the Lair of Beasts
 17369 | Lair:1   | Noticed a seven-headed hydra
 17377 | Lair:1   | Killed a seven-headed hydra
 17884 | Lair:1   | Killed from afar by an electric eel

Action                   |  1- 3 |  4- 6 |  7- 9 | 10-12 || total
-------------------------+-------+-------+-------+-------++-------
Melee: Club              |    86 |       |       |       ||    86
       Unarmed           |     4 |       |       |       ||     4
       Short sword       |    11 |   139 |       |       ||   150
       Hand axe          |       |    41 |   123 |       ||   164
       Halberd           |       |    22 |       |       ||    22
       War axe           |       |       |     7 |       ||     7
       Scimitar          |       |       |     5 |       ||     5
       Flail             |       |       |   234 |   109 ||   343
Throw: Throwing net      |       |     1 |       |       ||     1
 Cast: Freeze            |    39 |    76 |    46 |       ||   161
       Ozocubu's Armour  |       |     1 |     1 |     1 ||     3
       Summon Ice Beast  |       |       |    78 |   106 ||   184
Evoke: Wand              |       |     1 |     3 |       ||     4
  Use: Potion            |       |     6 |     5 |       ||    11
       Scroll            |       |     6 |    16 |     1 ||    23
 Stab: Sleeping          |     1 |     1 |     6 |     1 ||     9
       Distracted        |       |       |     2 |     2 ||     4
  Eat: Chunk             |     5 |    16 |    38 |    17 ||    76
       Pizza             |       |     2 |       |       ||     2
